 Dungeon Crawl Stone Soup version 0.30-a0-23-ge60ba3568b (webtiles) character file.

Game seed: 13120773463258083044

97 nono the Trooper (level 4, -1/39 HPs)
             Began as a Palentonga Fighter on Aug 24, 2022.
             Slain by an adder (2 damage)
             ... on level 3 of the Dungeon.
             The game lasted 00:05:35 (1745 turns).

nono the Trooper (Palentonga Fighter)               Turns: 1745, Time: 00:05:36

Health: -1/39      AC: 11    Str: 24    XL:     4   Next: 42%
Magic:  4/4        EV:  4    Int:  8    God:
Gold:   94         SH:  0    Dex:  9    Spells: 3/3 levels left

rFire   . . .      SeeInvis +    e - +0 battleaxe
rCold   . . .      Faith    .    (shield currently unavailable)
rNeg    . . .      Spirit   .    k - +0 plate armour
rPois   .          Reflect  .    h - +0 helmet
rElec   .          Harm     .    (no cloak)
rCorr   .          Rampage  .    s - +0 pair of gloves
Will    .....                    (no barding)
Stlth   ..........               (no amulet)
HPRegen 0.13/turn                (no ring)
MPRegen 0.09/turn                (no ring)

@: brilliant, lethally poisoned (-1 -> -7), attractive, hasted, studying Short
Blades, very quick
A: large, rugged brown scales 3, see invisible, deformed body, roll 1, armoured
tail
a: Rolling Charge


You were on level 3 of the Dungeon.
You visited 1 branch of the dungeon, and saw 3 of its levels.

You collected 94 gold pieces.

Inventory:

Hand Weapons
 a - a +0 war axe
 e - a +0 battleaxe (weapon)
Armour
 b - a +0 scale mail
 c - a +0 buckler
 h - a +0 helmet (worn)
 k - a +0 plate armour (worn)
 s - a +0 pair of gloves (worn)
Magical Staves
 m - a staff of earth
Jewellery
 q - a ring of fire
Wands
 n - a wand of light (6)
Scrolls
 f - a scroll of identify {unknown}
 j - a scroll of noise {unknown}
Potions
 d - a potion of might
 g - a potion of curing {unknown}
 i - a potion of brilliance
 l - a potion of lignification {unknown}
 o - a potion of attraction
 p - a potion of haste
 r - a potion of heal wounds {unknown}


   Skills:
 + Level 3.9 Fighting
 + Level 3.1 Axes
 + Level 3.2 Armour
 - Level 2.6 Shields


You had 3 spell levels left.
You didn't know any spells.
Your spell library contained the following spells:

 Spells                   Type           Power      Damage    Failure   Level
 Freeze                   Ice            0%         1d3       100%        1
 Frozen Ramparts          Ice            0%         1d1       100%        3
 Hailstorm                Conj/Ice       0%         3d3       100%        4


Dungeon Overview and Level Annotations

Branches:
Dungeon (3/15)

Altars:

Shops:
D:3 :


Innate Abilities, Weirdness & Mutations

You are completely covered in rugged brown scales. (AC +3, +7% HP)
You have supernaturally acute eyesight. (SInv)
Armour fits poorly on your strangely shaped body.
You can roll at nearby foes to attack.
You have a long armoured tail.


Message History

You barely miss the adder.
The adder is moderately wounded.
You closely miss the orc. The adder bites you.
The orc hits you but does no damage. The adder bites you but does no damage.
You barely miss the adder.
The adder is moderately wounded.
You closely miss the orc. The orc hits you but does no damage.
The adder bites you. The orc hits you with a +0 war axe.
* * * LOW HITPOINT WARNING * * *
The adder bites you but does no damage.
It was a potion of brilliance.
You feel clever all of a sudden. The adder bites you but does no damage.
The orc hits you but does no damage.
You closely miss the adder.
The adder is moderately wounded.
You slash the orc!
You kill the orc!
The adder bites you but does no damage. The adder bites you.
* * * LOW HITPOINT WARNING * * *
You barely miss the adder.
The adder is moderately wounded.
The adder bites you but does no damage. The adder bites you.
* * * LOW HITPOINT WARNING * * *
You are poisoned.
The adder poisons you!
You barely miss the adder.
The adder is moderately wounded.
* * * LOW HITPOINT WARNING * * *
You feel sick. The adder completely misses you. The adder barely misses you.
It was a potion of attraction.
You feel attractive to monsters.
* * * LOW HITPOINT WARNING * * *
You feel sick. The adder bites you.
* * * LOW HITPOINT WARNING * * *
You are more poisoned.
The adder poisons you!
It was a potion of haste.
You feel yourself speed up.
* * * LOW HITPOINT WARNING * * *
You feel sick. The adder bites you but does no damage. The adder bites you.
You die...

...#....#.....#######
... ..#.....#......# .
#.. #..##.##......#
..##..##..##.........#
.....#..#....##.###### #
..#....#.......)..#
#..#..##..#...#####.#
#.#...##...#..# ###.####
#....S@....### #.......
......)!..### #.......
..........#########≈≈###
...............'..<..∩..
..........#########..###
.######.#.. #### #.#.##
#.#.# #.#.#


You could see an adder.

Vanquished Creatures
  An orc wizard (D:3)
  2 adders (D:2)
  A gnoll (D:2)
  A worm (D:2)
  A dart slug (D:1)
  3 orcs (D:3)
  2 ball pythons
  6 bats
  3 endoplasms
  A giant cockroach (D:2)
  3 goblins (D:2)
  3 hobgoblins (D:2)
  A jackal (D:2)
  A quokka (D:2)
  4 kobolds
  3 rats
36 creatures vanquished.

Notes
Turn   | Place    | Note
-------+----------+-------------------------------------------
     0 | D:1      | nono the Palentonga Fighter began the quest for the Orb.
     0 | D:1      | Reached XP level 1. HP: 19/19 MP: 1/1
   397 | D:1      | Reached XP level 2. HP: 23/25 MP: 2/2
   718 | D:2      | Reached XP level 3. HP: 29/31 MP: 3/3
   759 | D:2      | Found a faded altar of an unknown god.
  1555 | D:3      | Found Xexkoul's Book Shoppe.
  1587 | D:3      | Reached XP level 4. HP: 29/39 MP: 4/4
  1745 | D:3      | HP: 1/39 [poisoned by an adder]
  1745 | D:3      | Slain by an adder

Illustrated notes

Levels and vault maps discovered:
D:1:      minmay_arrival_split_and_join, layout_loops_ring
D:2:      kb_forest_paths, layout_rooms, dreamdust_ecumenical_altar_grove,
          minmay_tall_x
D:3:      layout_basic, lemuel_doored_altar, serial_shops,
          nicolae_shop_hallway_stairs, chequers_serial_rivers_micro_e,
          hangedman_decor_points, minivault_26, minmay_checkerbox, uniq_grinder

Skill      XL: |  1  2  3  4 |
---------------+-------------+-----
Armour         | 3 |  3.2
Axes           | 3 |  3.1
Fighting       | |  3.9
Shields        | |  2.6

Action                   |  1- 3 |  4- 6 || total
-------------------------+-------+-------++-------
Melee: Battleaxe         |   105 |    25 ||   130
       Tailslap          |     8 |     2 ||    10
  Use: Potion            |       |     3 ||     3
Armor: Plate armour      |   121 |    29 ||   150
Dodge: Dodged            |    39 |    11 ||    50

Table legend: (Time is in decaauts)
 A = Elapsed time spent in this place.
 B = Non-inter-level travel time spent in this place.
 C = Inter-level travel time spent in this place.
 D = Time resting spent in this place.
 E = Time spent auto-exploring this place.
 F = Levels seen in this place.
 G = Mean time per level.
                   A        B        C        D        E       F      G
               +--------+--------+--------+--------+--------+-----+--------+
         Total |   1817 |   1752 |     65 |      0 |   1376 |   3 |  605.7 |
       Dungeon |   1817 |   1752 |     65 |      0 |   1376 |   3 |  605.7 |
               +--------+--------+--------+--------+--------+-----+--------+

Top non-repeatable levels by time:
     D:2: 1018 daAuts
     D:1: 591 daAuts
     D:3: 207 daAuts
